 Dungeon Crawl Stone Soup version 0.29-a0-1009-g60c99734e7 (webtiles) character file.

Game seed: 6589924991443774585

93 Manisian the Sneak (level 4, -4/21 HPs)
             Began as a Spriggan Enchanter on Aug 8, 2022.
             Slain by a phantom (6 damage)
             ... on level 4 of the Dungeon.
             The game lasted 00:06:14 (3717 turns).

Manisian the Sneak (Spriggan Enchanter)             Turns: 3717, Time: 00:06:15

Health: -4/21      AC:  3    Str:  4    XL:     4   Next: 37%
Magic:  10/10      EV: 17    Int: 18    God:
Gold:   104        SH:  0    Dex: 15    Spells: 1/9 levels left

rFire   . . .      SeeInvis +   a - +1 dagger
rCold   . . .      Faith    .   (no shield)
rNeg    + . .      Spirit   .   b - +0 robe
rPois   .          Reflect  .   (helmet restricted)
rElec   .          Harm     .   p - +0 cloak
rCorr   .          Rampage  .   (gloves unavailable)
Will    .....                   (boots unavailable)
Stlth   +++.......              (no amulet)
HPRegen 0.07/turn               s - ring of positive energy
MPRegen 0.12/turn               (no ring)

@: very quick
A: very small, no large weapons, unfitting armour, see invisible, speed 3
a: no special abilities


You were on level 4 of the Dungeon.
You visited 1 branch of the dungeon, and saw 4 of its levels.

You collected 104 gold pieces.

Inventory:

Hand Weapons
 a - a +1 dagger (weapon)
Missiles
 t - a throwing net
Armour
 b - a +0 robe (worn)
 p - a +0 cloak (worn)
Jewellery
 i - the ring "Vocen" {rF- rN+ Will+++ Slay-5 Stlth+}
   (You found it on level 2 of the Dungeon)

   [ring of positive energy]

   Slay:      It affects your accuracy & damage with ranged weapons and melee
   (-5).
   rF:        It makes you vulnerable to fire.
   rN:        It protects you from negative energy.
   Will:      It greatly increases your willpower.
   Stlth:     It makes you more stealthy.
 o - an amulet of guardian spirit
 s - a ring of positive energy (left hand)
Scrolls
 g - 3 scrolls of teleportation
 m - a scroll of poison {unknown}
 q - a scroll of fear {unknown}
Potions
 c - a potion of invisibility
 d - a potion of heal wounds
 e - a potion of resistance {unknown}
 f - 2 potions of curing
 h - a potion of brilliance {unknown}
 j - 2 potions of magic {unknown}
 k - 2 potions of degeneration {unknown}
 l - a potion of mutation {unknown}
 n - a potion of might {unknown}
 r - 2 potions of attraction {unknown}


   Skills:
 + Level 1.7 Short Blades
 + Level 3.0 Dodging
 + Level 5.7 Stealth
 + Level 3.4 Spellcasting
 + Level 4.5 Hexes
 + Level 0.5 Ice Magic


You had one spell level left.
You knew the following spells:

 Your Spells              Type           Power      Damage    Failure   Level
a - Ensorcelled Hibernat  Hex/Ice        24%        N/A       9%          2
b - Tukima's Dance        Hex            19%        N/A       7%          3
c - Dazzling Flash        Conj/Hex       22%        N/A       19%         3

Your spell library contained the following spells:

 Spells                   Type           Power      Damage    Failure   Level
 Confusing Touch          Hex            19%        N/A       7%          3
 Gell's Gravitas          Tloc           3%         N/A       43%         3
 Lesser Beckoning         Tloc           3%         N/A       43%         3
 Spider Form              Tmut/Pois      3%         N/A       43%         3
 Teleport Other           Tloc           3%         N/A       43%         3
 Anguish                  Hex/Necr       5%         N/A       52%         4
 Animate Dead             Necr           3%         N/A       83%         4
 Haunt                    Necr/Summ      1%         N/A       100%        7
 Infestation              Necr           1%         N/A       100%        8


Dungeon Overview and Level Annotations

Branches:
Dungeon (4/15)
 Temple: D:4-7

Altars:


Innate Abilities, Weirdness & Mutations

You are very small and have problems with some larger weapons.
You are too small for most types of armour.
You have supernaturally acute eyesight. (SInv)
You cover ground extremely quickly. (Speed+++)


Message History

The phantom misses you.
You feel much better.
The phantom hits you but does no damage.
You closely miss the phantom.
The phantom is almost destroyed.
The phantom closely misses you.
You closely miss the phantom.
The phantom is almost destroyed.
The phantom misses you.
You hit the phantom.
The phantom is almost destroyed.
You barely miss the phantom.
The phantom is almost destroyed.
The phantom hits you.
The phantom blinks!
You blink. 2 orcs and an orc priest come into view.
Found a stone staircase leading down.
You hit the phantom but do no damage.
The phantom is almost destroyed.
The phantom hits you.
The phantom blinks!
You blink.
You closely miss the phantom.
The phantom is almost destroyed.
The phantom completely misses you.
You barely miss the phantom.
The phantom is almost destroyed.
The phantom closely misses you.
You closely miss the phantom.
The phantom is almost destroyed.
The orc priest misses you. The phantom hits you.
The phantom blinks!
You blink.
You hit the phantom.
The phantom is almost destroyed.
The orc shouts!
You hear a shout!
The orc priest invokes the aid of Beogh against you.
Pain shoots through your body! The phantom hits you!
* * * LOW HITPOINT WARNING * * *
You hit the phantom but do no damage.
The phantom is almost destroyed.
The orc priest hits you with a +0 whip.
* * * LOW HITPOINT WARNING * * *
The phantom hits you.
You die...

#.. #.# .....#.##.##..#
#.# ........#.##..# #.#
.........##..# #.# #
......#.##..###.####.#
...#....................
.. ..o.o..........<.##.#
...###..#.##...##.#.#
.>..o..@.......##.#.#
...#..Wo.......##.#.#
#...ยง.......<....#
........#.#....#....#
.......................#
...##.....#....#....##.#
#.. #................. .
.. ..........#..#..##.
#......#...#..#..#


You could see a phantom, 2 orc priests and 2 orcs.

Vanquished Creatures
  Crazy Yiuf (D:3)
  An adder (D:3)
  4 dart slugs
  A worm (D:2)
  An orc (D:3)
  5 endoplasms
  A giant cockroach (D:3)
  3 goblins
  4 hobgoblins
  2 quokkas
  7 ball pythons
  2 bats
  2 frilled lizards (D:2)
  5 kobolds
  3 rats
42 creatures vanquished.

Vanquished Creatures (others)
  A bat (D:2)
  A plant (D:2)
2 creatures vanquished.

Grand Total: 44 creatures vanquished

Notes
Turn   | Place    | Note
-------+----------+-------------------------------------------
     0 | D:1      | Manisian the Spriggan Enchanter began the quest for the
                  | Orb.
     0 | D:1      | Reached XP level 1. HP: 9/9 MP: 5/5
   717 | D:1      | Reached XP level 2. HP: 13/13 MP: 6/6
   720 | D:1      | Learned a level 2 spell: Ensorcelled Hibernation
  1378 | D:2      | Identified the ring "Vocen" {rF- rN+ Will+++ Slay-5 Stlth+}
  1559 | D:2      | Found a faded altar of an unknown god.
  2154 | D:2      | Reached XP level 3. HP: 16/16 MP: 4/8
  2158 | D:2      | Learned a level 3 spell: Tukima's Dance
  2411 | D:2      | Reached skill level 5 in Stealth
  3171 | D:3      | Found a runed translucent door.
  3172 | D:3      | Noticed Crazy Yiuf
  3538 | D:3      | Killed Crazy Yiuf
  3539 | D:3      | Reached XP level 4. HP: 21/21 MP: 7/10
  3569 | D:3      | Learned a level 3 spell: Dazzling Flash
  3597 | D:4      | Noticed a phantom
  3704 | D:4      | HP: 1/21 [phantom (6)]
  3717 | D:4      | Slain by a phantom

Illustrated notes

Levels and vault maps discovered:
D:1:      lemuel_arrival_behind_the_door_large, layout_rooms,
          chequers_serial_rivers_small_3
D:2:      layout_rooms, dreamdust_ecumenical_altar_hidden_monk_grotto,
          wad_woods_river_04
D:3:      layout_loops_cross, uniq_crazy_yiuf_cottage
D:4:      layout_basic, mainiacjoe_overflow_catwalk, sigmund_army,
          uniq_blork_the_orc

Skill      XL: |  1  2  3 |
---------------+----------+-----
Spellcasting   | 3 |  3.4
Hexes          | 4 |  4.5
Dodging        | 3 |  3.0
Stealth        | 5 |  5.7
Short Blades   | |  1.7
Ice Magic      | |  0.5

Action                   |  1- 3 |  4- 6 || total
-------------------------+-------+-------++-------
Melee: Dagger            |    95 |    49 ||   144
       Punch             |     2 |     1 ||     3
 Cast: Ensorcelled Hiber |    31 |       ||    31
  Use: Potion            |     1 |     2 ||     3
       Scroll            |     7 |       ||     7
 Stab: Invisible         |     2 |       ||     2
       Sleeping          |    24 |       ||    24
Armor: Robe              |     7 |     2 ||     9
Dodge: Dodged            |    87 |    34 ||   121

Table legend: (Time is in decaauts)
 A = Elapsed time spent in this place.
 B = Non-inter-level travel time spent in this place.
 C = Inter-level travel time spent in this place.
 D = Time resting spent in this place.
 E = Time spent auto-exploring this place.
 F = Levels seen in this place.
 G = Mean time per level.
                   A        B        C        D        E       F      G
               +--------+--------+--------+--------+--------+-----+--------+
         Total |   3064 |   2944 |    120 |    501 |   2071 |   4 |  766.0 |
       Dungeon |   3064 |   2944 |    120 |    501 |   2071 |   4 |  766.0 |
               +--------+--------+--------+--------+--------+-----+--------+

Top non-repeatable levels by time:
     D:1: 1183 daAuts
     D:2: 1167 daAuts
     D:3: 661 daAuts
     D:4: 52 daAuts
